Map: New Gettysburg LE

Players

DYOZI - Winner!

  • Race: Protoss Protoss
  • League: Gold
  • Spawn Location: 5:00

Fropez

  • Race: Protoss Protoss
  • League: Gold
  • Spawn Location: 7:00

VOD

Have the link to the VOD?

Description

Time

  • Played on: Oct. 30, 2016, 3:47 p.m.
  • Length: 33:29
Show
View Real Time Build Order
Export as new Build Order

DYOZI Protoss - Winner!

Build Orders: 1 Gate Expand, Blink Stalkers 

Get SALT Encoding   

  12  0:04  Probe (Chrono Boost)  
  13  0:16  Probe (Chrono Boost)  
  14  0:26  Probe (Chrono Boost)  
  15  0:30  Pylon  
  15  0:35  Assimilator  
  15  0:48  Probe (Chrono Boost)  
  16  0:52  Gateway  
  16  0:59  Probe (Chrono Boost)  
  17  1:10  Probe (Chrono Boost)  
  18  1:20  Probe (Chrono Boost)  
  19  1:31  Probe (Chrono Boost)  
  20  1:36  Nexus  
  20  1:49  Probe (Chrono Boost)  
  21  1:56  Cybernetics Core  
  21  2:00  Probe (Chrono Boost)  
  22  2:14  Pylon  
  22  2:21  Gateway  
  22  2:26  Gateway  
  22  2:32  Zealot (Chrono Boost)  
  22  2:34  Mothership Core (Chrono Boost)  
  26  2:38  Warp Gate  
  26  2:43  Assimilator  
  26  2:48  Probe  
  26  2:59  Probe  
  26  3:00  Stalker (Chrono Boost)  
  29  3:10  Twilight Council, Probe  
  30  3:18  Probe  
  33  3:20  Probe  
  33  3:23  Stalker (Chrono Boost)  
  32  3:46  Stalker (Chrono Boost)  
  32  3:56  Blink (Chrono Boost)  
  34  4:04  Stalker (Chrono Boost)  
  32  4:10  Probe  
  33  4:21  Probe, Gateway  
  34  4:30  Forge  
  34  4:32  Probe  
  35  4:42  Probe  
  36  4:53  Probe  
  36  4:57  Pylon  
  37  5:04  Protoss Ground Weapons Level 1 (Chrono Boost)  
  37  5:05  Probe  
  37  5:06  Robotics Facility  
  38  5:09  Photon Cannon  
  38  5:16  Photon Cannon  
  38  5:17  Pylon  
  38  5:18  Pylon, Probe  
  39  5:31  Probe  
  39  5:33  Probe  
  41  5:43  Probe  
  41  5:45  Probe, Photon Cannon  
  43  5:51  Stalker  
  43  5:52  Stalker  
  43  5:55  Probe  
  48  5:57  Observer  
  49  6:07  Stalker  
  49  6:11  Probe  
  52  6:16  Assimilator  
  52  6:17  Assimilator, Charge  
  53  6:18  Probe  
  53  6:22  Stalker x2  
  53  6:23  Probe  
  58  6:30  Probe  
  59  6:35  Probe  
  60  6:43  Immortal  
  62  7:15  Stalker x3  
  60  7:36  Nexus  
  60  7:37  Pylon  
  60  7:40  Pylon  
  60  7:42  Stalker  
  60  7:43  Stalker  
  64  7:44  Stalker  
  66  7:53  Gateway x2  
  66  7:58  Gateway  
  64  8:08  Stalker x2  
  52  8:46  Probe  
  46  8:57  Probe  
  45  9:07  Probe  
  45  9:09  Pylon x2  
  38  9:14  Pylon  
  38  9:18  Probe  
  38  9:22  Probe  
  40  9:27  Probe  
  40  9:28  Probe  
  42  9:34  Pylon, Probe  
  42  9:37  Pylon  
  42  9:39  Probe x2  
  40  9:46  Probe  
  40  9:50  Probe  
  40  9:51  Probe  
  43  9:58  Probe  
  44  10:00  Probe, Photon Cannon  
  44  10:03  Probe  
  44  10:06  Photon Cannon  
  42  10:10  Probe  
  40  10:15  Probe  
  40  10:17  Stalker  
  40  10:18  Stalker  
  45  10:26  Photon Cannon  
  45  10:33  Photon Cannon  
  45  10:40  Protoss Ground Weapons Level 2 (Chrono Boost)  
  45  10:43  Probe  
  46  10:52  Stalker  
  46  10:53  Stalker  
  46  10:55  Probe  
  51  10:58  Pylon  
  51  11:13  Probe  
  52  11:25  Pylon  
  52  11:26  Probe  
  52  11:30  Pylon  
  53  11:36  Stalker x2  
  53  11:37  Stalker  
  35  12:02  Stalker  
  35  12:05  Probe  
  34  12:14  Probe  
  35  12:17  Probe  
  35  12:18  Probe  
  37  12:30  Probe  
  38  12:37  Photon Cannon  
  38  12:42  Probe x2  
  40  12:56  Probe  
  40  12:58  Probe  
  42  12:59  Probe  
  43  13:13  Probe  
  43  13:16  Probe  
  45  13:21  Stalker x2  
  49  13:29  Probe  
  50  13:40  Probe  
  50  13:44  Photon Cannon  
  47  13:50  Stalker  
  47  13:51  Stalker  
  51  14:20  Stalker x4  
  51  14:21  Probe  
  54  14:32  Probe  
  54  14:42  Probe  
  48  14:53  Probe  
  48  14:54  Immortal  
  53  15:01  Probe  
  53  15:03  Probe  
  53  15:04  Probe  
  56  15:13  Probe  
  57  15:14  Probe  
  57  15:18  Probe  
  59  15:24  Probe  
  59  15:25  Probe  
  59  15:27  Protoss Ground Weapons Level 3 (Chrono Boost)  
  59  15:37  Probe  
  59  15:40  Stalker  
  52  15:43  Stalker  
  46  15:53  Stalker  
  34  16:10  Zealot  
  34  16:11  Zealot x2  
  34  16:17  Zealot  
  34  16:18  Zealot  
  40  16:19  Zealot  
  38  16:31  Warp Prism (Chrono Boost)  
  40  16:40  Zealot x2  
  40  16:41  Zealot  
  46  16:54  Photon Cannon  
  46  16:57  Photon Cannon  
  42  17:09  Probe  
  42  17:11  Probe  
  44  17:19  Assimilator  
  44  17:21  Probe  
  44  17:22  Assimilator  
  45  17:24  Probe  
  46  17:41  Zealot  
  46  17:42  Zealot x2  
  46  17:43  Zealot x2  
  56  17:46  Zealot  
  56  17:47  Protoss Ground Armor Level 1  
  58  18:02  Zealot  
  58  18:03  Zealot x2  
  58  18:16  Zealot x2  
  60  18:29  Probe  
  53  18:42  Probe, Zealot x3  
  53  18:43  Zealot  
  53  18:44  Zealot  
  54  18:56  Stalker  
  48  19:10  Warp Prism (Chrono Boost)  
  48  19:21  Zealot x3  
  48  19:22  Zealot x2  
  58  19:32  Pylon  
  58  19:37  Nexus, Pylon  
  58  19:40  Pylon  
  58  19:46  Templar Archives  
  58  19:50  Protoss Ground Armor Level 2  
  58  19:54  Sentry x2  
  58  19:55  Sentry x2  
  63  20:19  Zealot x2  
  63  20:20  Zealot x2  
  65  20:21  Zealot  
  51  20:57  Zealot x3  
  51  20:58  Zealot x2  
  51  20:59  Zealot  
  58  21:14  Immortal (Chrono Boost)  
  39  21:47  High Templar x2  
  43  22:04  Archon  
  41  22:27  High Templar x3  
  47  22:38  High Templar  
  47  22:40  Archon  
  31  22:55  Archon  
  31  23:05  Stalker  
  25  23:27  Probe  
  26  23:39  Probe  
  27  24:04  High Templar x2  
  27  24:05  High Templar x2  
  35  24:11  High Templar x2  
  39  24:21  Archon  
  39  24:22  Archon  
  39  24:23  Archon  
  39  24:38  Dark Shrine  
  39  24:46  Probe  
  40  24:58  Probe  
  36  25:20  Zealot  
  38  25:21  Zealot  
  38  25:22  Stalker  
  38  25:25  High Templar  
  44  25:32  High Templar  
  46  25:36  Archon  
  46  25:48  High Templar x2  
  50  25:50  High Templar  
  50  25:51  High Templar  
  52  26:27  Archon  
  52  26:28  Archon  
  42  27:04  Nexus  
  42  27:14  Sentry x4  
  50  28:01  Pylon  
  50  28:20  Probe  
  50  28:21  Photon Cannon  
  51  28:31  Probe  
  48  28:41  Probe  
  49  28:50  Zealot  
  49  28:51  Zealot  
  53  28:55  Zealot  
  55  29:07  Pylon  
  51  29:32  Zealot  
  51  29:33  Zealot x2  
  51  29:35  Zealot  
  59  30:20  Stalker  
  59  30:21  Stalker x2  
  63  30:25  Stalker  
  67  30:59  Photon Cannon  
  67  31:14  Warp Prism (Chrono Boost)  
  69  31:24  Assimilator  
  69  31:25  Assimilator  
  69  31:42  Nexus  
  69  31:43  Pylon  
  69  32:15  Pylon  
  69  32:17  Pylon  
  69  32:47  Stargate  
  69  32:48  Stargate  
  69  33:10  Dark Templar  
  69  33:11  Dark Templar  
  73  33:15  Dark Templar  
  75  33:23  Dark Templar  
Show
View Real Time Build Order
Export as new Build Order

Fropez Protoss 

Build Orders:  

Get SALT Encoding   

  12  0:02  Probe (Chrono Boost)  
  13  0:14  Pylon  
  13  0:18  Probe (Chrono Boost)  
  14  0:29  Probe (Chrono Boost)  
  15  0:36  Gateway  
  15  0:39  Probe (Chrono Boost)  
  16  0:50  Probe (Chrono Boost)  
  16  0:54  Assimilator  
  17  1:02  Gateway  
  18  1:04  Probe (Chrono Boost)  
  18  1:14  Probe (Chrono Boost)  
  19  1:32  Probe (Chrono Boost)  
  20  1:34  Pylon  
  20  1:42  Cybernetics Core  
  20  2:00  Pylon  
  20  2:11  Pylon  
  20  2:15  Probe (Chrono Boost)  
  21  2:17  Nexus  
  21  2:21  Adept  
  23  2:28  Adept  
  25  2:35  Mothership Core (Chrono Boost)  
  27  2:45  Assimilator  
  27  3:01  Gateway  
  27  3:02  Probe (Chrono Boost)  
  26  3:51  Warp Gate (Chrono Boost)  
  26  3:56  Twilight Council  
  26  3:58  Pylon  
  26  4:00  Stalker  
  26  4:04  Stalker  
  26  4:06  Probe  
  26  4:07  Probe  
  28  4:19  Probe  
  28  4:22  Stalker  
  31  4:28  Probe  
  31  4:29  Assimilator  
  31  4:30  Stalker  
  31  4:31  Assimilator  
  34  4:43  Resonating Glaives (Chrono Boost)  
  34  4:58  Probe  
  35  5:02  Mothership Core  
  37  5:13  Probe  
  38  5:15  Robotics Facility  
  38  5:23  Probe  
  39  5:29  Probe  
  39  5:32  Pylon  
  40  5:46  Probe  
  40  5:47  Probe  
  42  5:52  Gateway  
  42  5:53  Gateway  
  42  5:58  Probe  
  42  5:59  Probe, Stalker  
  42  6:00  Stalker x2  
  50  6:04  Warp Prism (Chrono Boost)  
  50  6:10  Probe  
  50  6:11  Probe  
  54  6:14  Pylon  
  54  6:15  Blink (Chrono Boost)  
  54  6:22  Probe  
  56  6:40  Observer (Chrono Boost)  
  56  6:54  Stalker x5  
  48  7:22  Nexus  
  48  7:25  Pylon  
  48  7:35  Probe x2  
  50  7:49  Adept  
  50  7:50  Adept x4  
  60  8:22  Stalker  
  60  8:23  Stalker x4  
  58  8:57  Stalker x3  
  58  8:58  Stalker x2  
  50  9:13  Probe x2  
  46  9:18  Immortal (Chrono Boost)  
  50  9:26  Adept x4, Gateway  
  50  9:27  Adept  
  50  9:29  Gateway  
  58  10:00  Adept x5  
  62  10:17  Probe  
  62  10:20  Probe x2  
  63  10:26  Adept x3  
  63  10:27  Adept x2, Probe  
  74  10:37  Pylon  
  74  10:38  Probe  
  74  10:40  Pylon  
  75  10:43  Pylon  
  75  10:45  Probe x2  
  75  10:48  Probe  
  77  10:55  Pylon  
  78  10:59  Probe  
  79  11:09  Probe  
  80  11:17  Adept x3  
  80  11:18  Adept x4  
  90  11:20  Probe  
  75  12:05  Stalker x5  
  75  12:06  Stalker x2  
  75  12:18  Probe  
  75  12:19  Forge  
  75  12:21  Forge  
  76  12:27  Pylon, Gateway  
  76  12:28  Probe  
  76  12:32  Templar Archives  
  77  12:37  Pylon  
  77  12:39  Probe  
  77  12:40  Pylon  
  78  12:48  Observer (Chrono Boost)  
  78  12:49  Probe  
  80  12:59  Stalker  
  80  13:00  Stalker x4  
  90  13:07  Immortal (Chrono Boost)  
  94  13:24  Stalker x3  
  94  13:25  Stalker x3  
  82  14:51  Adept x5  
  82  14:52  Adept  
  88  14:55  Probe  
  88  14:56  Assimilator  
  77  15:00  Assimilator  
  77  15:05  Gateway  
  77  15:06  Probe, Gateway  
  77  15:11  Gateway  
  77  15:12  Gateway  
  77  15:13  Gateway  
  78  15:16  Probe  
  79  15:27  Adept x5, Nexus  
  79  15:28  Adept x2  
  93  15:29  Assimilator  
  93  15:35  Assimilator  
  93  15:40  Pylon  
  85  15:43  Pylon  
  73  15:57  Adept  
  73  15:58  Adept x5  
  85  16:15  Probe  
  84  16:25  Probe  
  76  16:29  Adept x2  
  76  16:30  Adept x4  
  87  16:36  Probe  
  88  16:46  Probe  
  85  16:58  Probe  
  85  17:01  Protoss Shields Level 1 (Chrono Boost), Protoss Ground Armor Level 1 (Chrono Boost)  
  78  17:05  Immortal  
  82  17:17  High Templar x6  
  82  17:18  High Templar x4  
  82  17:19  High Templar x3  
  108  17:24  Archon x3  
  108  17:25  Archon x3  
  108  17:50  Stalker x4  
  103  17:51  Stalker x3  
  95  18:05  High Templar  
  95  18:06  High Templar x2  
  88  18:20  Adept x2  
  88  18:21  Adept x4  
  98  18:28  Adept  
  98  18:33  Adept  
  98  18:37  Probe  
  91  19:00  High Templar  
  91  19:01  High Templar x2  
  97  19:07  Archon  
  97  19:09  High Templar  
  97  19:13  Pylon  
  97  19:17  Photon Cannon  
  97  19:29  Probe  
  98  19:32  Archon  
  98  19:42  Protoss Ground Armor Level 2 (Chrono Boost), Probe  
  98  19:45  Protoss Shields Level 2 (Chrono Boost)  
  99  19:54  Probe  
  100  20:06  Probe  
  95  20:12  Adept x3  
  95  20:13  Adept x2  
  81  20:34  High Templar  
  81  20:35  High Templar x2  
  81  20:40  Archon  
  81  20:45  High Templar  
  79  20:52  Archon  
  68  21:24  Adept x2  
  68  21:25  Adept x5  
  53  21:56  Stalker  
  55  22:03  Nexus  
  55  22:17  Probe (Chrono Boost)  
  55  22:28  Probe (Chrono Boost)  
  56  22:38  Probe (Chrono Boost)  
  53  22:49  Probe (Chrono Boost)  
  28  23:45  Stalker x2  
  28  23:46  Stalker x2  
  35  23:59  Zealot  
  35  24:00  Zealot x5  
  47  24:32  Probe (Chrono Boost)  
  48  24:39  Pylon  
  48  24:42  Pylon, Probe (Chrono Boost)  
  50  24:45  Probe (Chrono Boost)  
  50  24:47  Assimilator  
  50  24:48  Assimilator  
  50  24:53  Probe (Chrono Boost)  
  50  24:56  Probe (Chrono Boost)  
  50  24:58  Stalker x3  
  58  25:03  Probe (Chrono Boost)  
  58  25:06  Probe (Chrono Boost)  
  47  25:14  Probe (Chrono Boost)  
  47  25:17  Probe (Chrono Boost)  
  46  25:24  Stalker  
  46  25:25  Stalker x4  
  46  25:27  Probe (Chrono Boost)  
  57  25:31  Probe (Chrono Boost)  
  57  25:35  Probe (Chrono Boost)  
  59  25:38  Probe (Chrono Boost)  
  59  25:42  Probe (Chrono Boost)  
  61  25:48  Probe (Chrono Boost)  
  60  25:52  Probe (Chrono Boost)  
  53  25:59  Probe (Chrono Boost)  
  54  26:05  High Templar x3  
  54  26:07  Zealot x3  
  54  26:08  Zealot x3  
  54  26:10  Archon  
  56  26:29  Zealot  
  56  26:30  Zealot x6  
  29  26:55  Probe (Chrono Boost)  
  29  26:57  Mothership Core (Chrono Boost)  
  32  27:01  Adept x2  
  32  27:02  Adept x2  
  32  27:05  Probe (Chrono Boost)  
  40  27:10  Probe (Chrono Boost)  
  42  27:15  Probe (Chrono Boost)  
  42  27:19  Adept x2  
  42  27:22  Probe (Chrono Boost)  
  47  27:25  Zealot  
  41  27:37  Adept x3  
  44  28:07  Nexus  
  44  28:09  Pylon  
  44  28:13  Adept x3  
  48  28:37  Adept x5  
  58  29:04  Adept  
  58  29:05  Adept x4  
  34  29:49  Probe (Chrono Boost)  
  35  29:54  Cybernetics Core  
  35  29:55  Dark Shrine  
  35  29:59  Probe (Chrono Boost)  
  36  30:10  Probe (Chrono Boost)  
  37  30:20  Probe (Chrono Boost)  
  38  30:31  Probe (Chrono Boost)  
  37  30:41  Probe (Chrono Boost)  
  38  30:46  Gateway x2  
  38  30:49  Assimilator  
  38  30:52  Probe (Chrono Boost)  
  38  30:56  Assimilator  
  39  31:02  Probe (Chrono Boost)  
  40  31:13  Probe (Chrono Boost)  
  40  31:17  Dark Templar  
  31  31:35  Robotics Facility  
  31  31:49  Mothership Core (Chrono Boost)  
  33  32:01  Probe (Chrono Boost)  
  34  32:11  Probe (Chrono Boost)  
  35  32:21  Warp Prism (Chrono Boost)  
  35  32:22  Probe (Chrono Boost)  
  38  32:33  Probe  
  39  32:41  Stargate  
  39  32:45  Probe  
  39  32:48  Pylon  
  40  32:57  Pylon  
  40  33:00  Dark Templar  
  42  33:09  Dark Templar  
  44  33:18  Stalker  
Tags
 
Composition
Blink Stalkers
League
GoldGold
Matchup
PvP
Replay Pack
From the laptop
Spawn Locations
Close Positions
Add a new tag
Caveats
  • Supply blocks, unpowered buildings, or Contaminate may cause inaccurate times.
  • Supply counts are checked every 10 seconds.